 Dungeon Crawl Stone Soup version 0.15.1-3-g1b33baa (webtiles) character file.

208 Psiweapon the Sneak (level 6, 0/37 HPs)
             Began as a Kobold Abyssal Knight on Oct 12, 2014.
             Was a Believer of Lugonu.
             Killed by a spatial distortion (1 damage)
             ... on Level 5 of the Dungeon.
             The game lasted 00:11:23 (4648 turns).

Psiweapon the Sneak (Kobold Abyssal Knight)         Turns: 4648, Time: 00:11:23

HP   0/37        AC  4     Str 12      XL: 6   Next: 11%
MP  10/11        EV 13     Int 10      God: Lugonu [**....]
Gold 153         SH  0     Dex 17      Spells:  0 memorised,  5 levels left

rFire  . . .     SeeInvis .     t - +0 cutlass
rCold  . . .     Clarity  .     b - +0 leather armour
rNeg   . . .     rCorr    .     (no shield)
rPois  .         rRot     .     (no helmet)
rElec  .         Spirit   .     s - +0 cloak (curse)
SustAb .         Warding  .     (no gloves)
rMut   .         Stasis   .     (no boots)
Gourm  .                        (no amulet)
MR     .....                    x - +1 ring of strength
                                r - ring of stealth

@: not resistant to hostile enchantments, stealthy
A: carnivore 3
a: Depart the Abyss, Bend Space, Renounce Religion


You were on level 5 of the Dungeon.
You worshipped Lugonu.
Lugonu was pleased with you.
You were not hungry.

You visited 1 branch of the dungeon, and saw 5 of its levels.
You visited the Abyss 1 time.

You collected 153 gold pieces.

Inventory:

Hand weapons
 a - a +1 short sword
 k - a +3 dagger
 t - a +0 cutlass (weapon)
Missiles
 f - 12 arrows
 i - 51 stones (quivered)
 v - 21 sling bullets
Armour
 b - a +0 leather armour (worn)
 s - a cursed +0 cloak (worn)
 u - a +0 ring mail
Comestibles
 c - 2 meat rations
Scrolls
 d - 2 scrolls of remove curse {unknown}
 e - 4 scrolls of teleportation {unknown}
 j - a scroll of fog {unknown}
 m - a scroll of magic mapping {unknown}
 o - a scroll of identify {unknown}
 w - a scroll of enchant armour {unknown}
Jewellery
 r - a ring of stealth (left hand)
 x - a +1 ring of strength (right hand)
Potions
 g - a potion of flight {unknown}
 h - a potion of lignification {unknown}
 l - a potion of might
 n - 3 potions of agility {unknown}
 p - a potion of degeneration {unknown}
 q - a potion of brilliance {unknown}


   Skills:
 - Level 3.2 Fighting
 - Level 2.6 Short Blades
 - Level 0.7 Armour
 - Level 2.4 Dodging
 + Level 5.2 Stealth
 + Level 4.8 Invocations


You had 5 spell levels left.
You didn't know any spells.

Dungeon Overview and Level Annotations

Branches:
Dungeon (5/15)
 Temple: D:4-7

Altars:
Ashenzari
Nemelex Xobeh

Annotations:
D:3 Terence
D:5 Eustachio


Innate Abilities, Weirdness & Mutations

You are small and have problems with some larger weapons.
You are carnivorous and can eat meat at any time.


Message History

Press: ? - help, Shift-Dir - straight line, f - iguana
Aim: an iguana You throw a stone.
The stone closely misses the iguana.
You hit the iguana.
The iguana is lightly wounded.
The iguana bites you!
You closely miss the iguana.
The iguana is lightly wounded.
The iguana bites you but does no damage.
You hit the iguana but do no damage.
The iguana is lightly wounded.
The iguana bites you!
Use which ability? (? or * to list) Space bends around you!
You blink.
* * * LOW HITPOINT WARNING * * *
You feel slightly more hungry. The iguana bites you!
* * * LOW HITPOINT WARNING * * *
Use which ability? (? or * to list) Space bends sharply around you!
You blink.
You die...

### ... #.######## . .
####........# .#
#....##........#####.####
.....##........#........#
#.##.##........#@.# .#..#
#..............#..##....#
#....###.............#..#
#.##.# #.......#..#.....#
#.##.###.#####.#..#§#...#
...............#...l....#
#.###.##>......####§#.###
#.# #..........#.......#
#.# #..#.......#.##.#..#


There were no monsters in sight!

Vanquished Creatures
  A giant frog (D:5)
  A worker ant (D:4)
  7 adders
  An orc zombie (D:5)
  A giant mite (D:2)
  A giant gecko (D:1)
  An ooze (D:1)
  4 orcs (D:3)
  3 giant cockroaches
  6 hobgoblins
  2 ball pythons (D:3)
  5 bats
  2 giant newts
  A goblin (D:1)
  6 kobolds
  7 rats
49 creatures vanquished.

Notes
Turn   | Place    | Note
--------------------------------------------------------------
     0 | Abyss:1  | Psiweapon, the Kobold Abyssal Knight, began the quest for the Orb.
     0 | Abyss:1  | Reached XP level 1. HP: 14/14 MP: 1/1
     9 | D:1      | Escaped the Abyss
    39 | D:1      | Found a shattered altar of Ashenzari.
   214 | D:1      | Reached skill level 1 in Stealth
   733 | D:1      | Reached XP level 2. HP: 16/19 MP: 2/2
  1590 | D:1      | Acquired Lugonu's second power
  2020 | D:2      | Reached XP level 3. HP: 16/23 MP: 3/5
  2332 | D:2      | Found a sparkling altar of Nemelex Xobeh.
  2335 | D:2      | Reached XP level 4. HP: 26/28 MP: 7/7
  2375 | D:3      | Noticed Terence
  3953 | D:4      | Reached skill level 4 in Stealth
  3953 | D:4      | Reached XP level 5. HP: 11/32 MP: 9/9
  4329 | D:4      | Noticed an ogre
  4341 | D:5      | Entered Level 5 of the Dungeon
  4348 | D:5      | Noticed Eustachio
  4467 | D:5      | Reached skill level 5 in Stealth
  4467 | D:5      | Reached XP level 6. HP: 33/37 MP: 11/11
  4647 | D:5      | HP: 1/37 [iguana (10)]
  4648 | D:5      | Killed by a spatial distortion

Action                   |  1- 3 |  4- 6 || total
-------------------------+-------+-------++-------
Melee: Short sword       |   101 |    63 ||   164
       Cutlass           |       |    48 ||    48
Throw: Stone             |       |    30 ||    30
Invok: Bend Space        |       |    10 ||    10
 Stab: Sleeping          |     3 |     4 ||     7
       Distracted        |       |     1 ||     1
  Eat: Chunk             |     4 |     2 ||     6
       Royal jelly       |     1 |       ||     1
       Meat ration       |       |     1 ||     1
